 Dungeon Crawl Stone Soup version 0.30-a0-778-g2ef04afb54 (webtiles) character file.

Game seed: 3113496466375216988

690 hikkokomori the Digger (level 7, -3/60 HPs)
             Began as a Gargoyle Earth Elementalist on Feb 17, 2023.
             Was an Initiate of Kikubaaqudgha.
             Slain by Duvessa
             ... wielding a +0 short sword
              (13 damage)
             ... on level 5 of the Dungeon.
             The game lasted 00:08:51 (5412 turns).

hikkokomori the Digger (GrEE)                       Turns: 5412, Time: 00:08:52

Health: -3/60      AC: 23    Str: 11    XL:     7   Next: 63%
Magic:  10/11      EV:  2    Int: 18    God:    Kikubaaqudgha [......]
Gold:   98         SH:  5    Dex: 10    Spells: 7/11 levels left

rFire   . . .      SeeInvis .    m - +0 dagger
rCold   . . .      Faith    .    (no shield)
rNeg    + . .      Spirit   .    (body armour currently unavailable)
rPois   ∞          Reflect  +    (helmet currently unavailable)
rElec   .          Harm     .    (cloak currently unavailable)
rCorr   .          Rampage  .    (gloves currently unavailable)
Will    .....      NoTele   +    (boots currently unavailable)
Stlth   +++                      t - amulet of reflection
HPRegen 0.30/turn                h - +5 ring of evasion
MPRegen 0.12/turn                (no ring)

@: tree-form
A: stationary, stasis, torment immunity, boosted hp, sickness immunity, AC +4,
negative energy resistance 1, (electricity resistance), torment resistance 1,
petrification resistance
a: Renounce Religion


You were on level 5 of the Dungeon.
You worshipped Kikubaaqudgha.
Kikubaaqudgha was noncommittal.
You were a tree.
You visited 2 branches of the dungeon, and saw 7 of its levels.

You collected 241 gold pieces.
You spent 143 gold pieces at shops.

Inventory:

Hand Weapons
 m - a +0 dagger (weapon)
Armour
 a - a +0 robe
 n - a +0 helmet (melded)
 y - a +0 ring mail of fire resistance (melded)
Jewellery
 h - a +5 ring of evasion (left branch)
 p - a ring of ice
 t - an amulet of reflection (around neck)
Wands
 B - a wand of flame (2)
Scrolls
 c - 2 scrolls of poison {unknown}
 d - 2 scrolls of enchant armour {unknown}
 e - a scroll of noise {unknown}
 i - a scroll of brand weapon {unknown}
 k - 2 scrolls of enchant weapon {unknown}
 o - 2 scrolls of immolation {unknown}
 r - 3 scrolls of magic mapping {unknown}
 s - a scroll of amnesia {unknown}
 u - a scroll of teleportation {unknown}
 v - a scroll of blinking {unknown}
 x - a scroll of vulnerability {unknown}
Potions
 b - a potion of magic
 f - 3 potions of attraction
 g - 4 potions of curing
 j - a potion of cancellation
 q - a potion of flight
 w - a potion of lignification
 A - a potion of haste {unknown}


   Skills:
 + Level 2.8 Fighting
 + Level 2.8 Short Blades
 - Level 2.0 Dodging
 + Level 4.8 Stealth
 - Level 2.8 Spellcasting
 + Level 2.8 Conjurations
 - Level 1.3 Transmutations
 + Level 5.7 Earth Magic


You had 7 spell levels left.
You knew the following spells:

 Your Spells              Type           Power      Damage    Failure   Level
a - Sandblast             Erth           46%        2d11      1%          1
b - Stone Arrow           Conj/Erth      36%        3d9       9%          3

Your spell library contained the following spells:

 Spells                   Type           Power      Damage    Failure   Level
 Passwall                 Tmut/Erth      12%        N/A       6%          2
 Freeze                   Ice            8%         1d3       17%         1
 Hailstorm                Conj/Ice       7%         3d4       28%         3
 Petrify                  Tmut/Erth      15%        N/A       36%         4
 Frozen Ramparts          Ice            4%         1d1       45%         3
 Ice Form                 Ice/Tmut       4%         N/A       77%         4
 Simulacrum               Ice/Necr       1%         N/A       100%        6


Dungeon Overview and Level Annotations

Branches:
Dungeon (6/15)             Temple (1/1) D:5

Altars:
Ashenzari
Cheibriados
Dithmenos
Hepliaklqana
Kikubaaqudgha
Nemelex Xobeh
Okawaru
Ru
Sif Muna
Trog
Uskayaw
Vehumet
Wu Jian
Yredelemnul
The Shining One

Shops:
D:5 =[

Annotations:
D:5 Duvessa


Innate Abilities, Weirdness & Mutations

You are a tree.
Your roots penetrate the ground, keeping you stationary.
You cannot be teleported.
You are immune to unholy pain and torment.
Your maximum health is greatly increased.
Your equipment is partially melded.
You are immune to sickness and miasma.
((Your stone body is resilient. (AC +4)))
You are immune to poison.
You resist negative energy. (rN+)
((You are resistant to electric shocks. (rElec)))
You are resistant to unholy torment.
You are immune to petrification.


Message History

Duvessa is severely wounded.
Duvessa hits you with a +0 short sword!
You hit Duvessa but do no damage.
Duvessa is heavily wounded.
Duvessa hits you with a +0 short sword! You block Duvessa's attack.
You hit Duvessa.
Duvessa is severely wounded.
You block Duvessa's attack.
You hit Duvessa.
Duvessa is severely wounded.
Duvessa hits you with a +0 short sword.
You hit Duvessa but do no damage.
Duvessa is severely wounded.
Duvessa hits you but does no damage.
You hit Duvessa.
Duvessa is severely wounded.
Duvessa hits you with a +0 short sword. Duvessa hits you but does no damage.
You hit Duvessa but do no damage. Your punch misses Duvessa.
Duvessa is severely wounded.
Duvessa hits you with a +0 short sword.
* * * LOW HITPOINT WARNING * * *
You hit Duvessa but do no damage.
Duvessa is severely wounded.
You block Duvessa's attack.
You hit Duvessa.
Duvessa is severely wounded.
You block Duvessa's attack.
You barely miss Duvessa.
Duvessa is severely wounded.
Duvessa hits you with a +0 short sword!
* * * LOW HITPOINT WARNING * * *
You block Duvessa's attack.
You barely miss Duvessa. You punch Duvessa, but do no damage.
Duvessa is severely wounded.
Duvessa hits you but does no damage.
You barely miss Duvessa.
Duvessa is severely wounded.
Duvessa barely misses you. Duvessa hits you with a +0 short sword!
You die...
Kikubaaqudgha rasps: "You have failed me!
Welcome... oblivion!"

.#######.#.# #....##.#.# #.###..
.# #.#.####.##.##.#.###.# #.# .#
### #.#..<...............# #..
.###.###.######....##.#.#########
.................)...............
.....###.#####..#.......#########
#.#.####.#####..#.###.##########
)...............#..............#
###.##.........e♣####.########.#
#.#....####.####...>....# #.#
..#.#..# #§# #.#......# #.#
#.#.##.# #.# #.####...## #.#
..#.##.#########.# #.#..## #.#
###.#...§§#8#°§.÷.###.#.).####.#
#.#..####### #......#.#...##.#
###.#..# ##§## #...####.###....##
.......# #°# #... #.# ###...#


You could see Duvessa (berserk).

Vanquished Creatures
  A water moccasin (D:5)
  A necrophage (D:5)
  A scorpion (D:5)
  Dowan (D:5)
  A howler monkey (D:5)
  2 hounds (D:4)
  3 orc priests
  2 iguanas
  2 gnolls
  7 adders
  A worm (D:3)
  A dart slug (D:5)
  11 orcs
  5 ball pythons
  5 endoplasms
  6 giant cockroaches
  4 goblins
  9 hobgoblins
  2 quokkas
  10 bats
  5 frilled lizards
  5 kobolds
  4 rats
89 creatures vanquished.

Vanquished Creatures (others)
  2 hounds
  2 hobgoblins (D:2)
  A rat (D:2)
5 creatures vanquished.

Grand Total: 94 creatures vanquished

Notes
Turn   | Place    | Note
-------+----------+-------------------------------------------
     0 | D:1      | hikkokomori the Gargoyle Earth Elementalist began the quest
                  | for the Orb.
     0 | D:1      | Reached XP level 1. HP: 10/10 MP: 3/3
   305 | D:1      | Reached skill level 1 in Transmutations
   305 | D:1      | Reached XP level 2. HP: 15/15 MP: 0/5
   305 | D:1      | Found a faded altar of an unknown god.
  1123 | D:2      | Reached XP level 3. HP: 19/19 MP: 4/6
  1222 | D:2      | Reached skill level 4 in Earth Magic
  1790 | D:3      | Reached XP level 4. HP: 24/24 MP: 4/7
  2326 | D:3      | Reached skill level 1 in Short Blades
  2629 | D:4      | Reached XP level 5. HP: 21/28 MP: 3/9
  2633 | D:4      | Learned a level 3 spell: Stone Arrow
  3604 | D:4      | Reached skill level 1 in Fighting
  3607 | D:4      | Reached skill level 1 in Conjurations
  3608 | D:4      | Reached XP level 6. HP: 19/34 MP: 4/10
  3711 | D:5      | Entered Level 5 of the Dungeon
  3780 | D:5      | Reached skill level 5 in Earth Magic
  4004 | D:5      | Found a glowing golden altar of the Shining One.
  4020 | D:5      | Found Zyhiost's Armour Shop.
  4026 | D:5      | Bought a +0 ring mail of fire resistance for 143 gold
                  | pieces
  4047 | D:5      | Found a staircase to the Ecumenical Temple.
  4066 | Temple   | Entered the Ecumenical Temple
  4181 | Temple   | Became a worshipper of Kikubaaqudgha
  4363 | D:5      | Found a shadowy altar of Dithmenos.
  4486 | D:5      | Found Wuvu's One-of-a-Kind Rings.
  4490 | D:5      | Noticed a water moccasin
  4493 | D:5      | Reached XP level 7. HP: 39/40 MP: 7/11
  5100 | D:5      | Noticed Dowan
  5107 | D:5      | Killed Dowan
  5380 | D:5      | Noticed Duvessa
  5412 | D:5      | Slain by Duvessa

Illustrated notes

Levels and vault maps discovered:
D:1:      lightli_arrival_windingriver, layout_basic,
          hellmonk_ecumenical_altar_run_dry, minmay_misc_feat_plants
D:2:      layout_rooms, lemuel_flame_loot_1
D:3:      layout_loops_ring
D:4:      layout_loops_corners
D:5:      layout_basic, grunt_dithmenos_smoke_and_mirrors, tso_oasis_becter,
          minmay_temple_entry_water_ring, serial_shops, nicolae_diamond_shop,
          nicolae_shop_unique_rings, lemuel_flamethrower_2, uniq_duvessa
D:6:      layout_cave_pools, bloody_makhleb
Temple:   compressed_dpeg_triangle_lava_temple

Skill      XL: |  1  2  3  4  5  6 |
---------------+-------------------+-----
Transmutations | 1 |  1.3
Dodging        | 2 |  2.0
Earth Magic    | 4 5 |  5.7
Stealth        | 3 4 |  4.8
Short Blades   | 1 2 |  2.8
Fighting       | 1 2 |  2.8
Conjurations   | 1 2 |  2.8
Spellcasting   | |  2.8

Action                     |  1- 3 |  4- 6 |  7- 9 || total
---------------------------+-------+-------+-------++-------
  Melee: Unarmed           |    21 |       |       ||    21
         Dagger            |     8 |     8 |    27 ||    43
         Punch             |       |       |     1 ||     1
   Cast: Sandblast         |    50 |    88 |    22 ||   160
         Stone Arrow       |       |     1 |       ||     1
    Use: Scroll            |       |     3 |     3 ||     6
         Potion            |       |       |     2 ||     2
   Stab: Sleeping          |     2 |       |     1 ||     3
 Armour: Robe              |    27 |     7 |       ||    34
         Ring mail         |       |     2 |     6 ||     8
         Skin              |       |       |     9 ||     9
  Dodge: Dodged            |    44 |    37 |    15 ||    96
  Block: Other             |       |    10 |    14 ||    24

Table legend: (Time is in decaauts)
 A = Elapsed time spent in this place.
 B = Non-inter-level travel time spent in this place.
 C = Inter-level travel time spent in this place.
 D = Time resting spent in this place.
 E = Time spent auto-exploring this place.
 F = Levels seen in this place.
 G = Mean time per level.
                   A        B        C        D        E       F      G
               +--------+--------+--------+--------+--------+-----+--------+
         Total |   5492 |   5211 |    281 |     83 |   4284 |   7 |  784.6 |
       Dungeon |   5301 |   5020 |    281 |     83 |   4213 |   6 |  883.5 |
        Temple |    190 |    190 |      0 |      0 |     71 |   1 |  190.0 |
               +--------+--------+--------+--------+--------+-----+--------+

Top non-repeatable levels by time:
     D:5: 1189 daAuts
     D:4: 1164 daAuts
     D:1: 1081 daAuts
     D:3: 959 daAuts
     D:2: 902 daAuts
  Temple: 190 daAuts
     D:6: 4 daAuts
